AoeStats
← szeb

MegaRandom

508500556Analyzed
2v2 RM · 10d ago on Sep 22, 2026· 40m 6s· 4 players
Game mode
Random Map
Map size
Medium (4 player)
Population
200
Speed
Normal
Resources
Standard
Victory
Conquest
Starting age
Dark Age
Ending age
Imperial Age
RankedLock teamsTeams togetherTeam positionsShared explorationLock speedFull tech treeHidden civsTurbo modeCheats
Victory
Defeat
🇭🇺 Britons · Hungary
1288
+16
🇭🇺 Saxons · Hungary
1286
+16
🇵🇱 Danes · Poland
1303
-17
🇵🇱 Varangians · Poland
1260
-15
Pitry2012
11:48 Feudal Age
15:40 Castle Age
14:47 Double-Bit Axe
15:07 Fletching
16:24 Bodkin Arrow
17:12 Medium Warships
19:39 Fishing Lines
20:55 Bow Saw
29:08 Imperial Age
28:51 Forging
31:26 Chemistry
30:27 Loom
30:54 Scale Mail Armor
32:21 Town Watch
33:11 Wheelbarrow
33:20 Clinker Construction
34:07 Siphons
36:26 Heavy Warships
37:02 Chain Mail Armor
Bigos1994
5:02 Loom
10:42 Feudal Age
14:46 Castle Age
13:57 Double-Bit Axe
13:54 Horse Collar
18:37 Scale Mail Armor
22:02 Arson
23:57 Squires
24:37 Forging
26:52 Wheelbarrow
27:29 Chain Mail Armor
29:42 Iron Casting
29:55 Town Watch
30:26 Hand Cart
30:23 Gold Mining
31:02 Heavy Plow
31:48 Bow Saw
37:37 Imperial Age
35:48 Fletching
36:33 Bodkin Arrow
37:10 Ballistics
37:11 Town Patrol
37:20 Murder Holes
38:38 Bracer
38:26 Arrowslits
38:31 Guard Tower
39:52 Plate Mail Armor
szeb
10:16 Loom
12:03 Feudal Age
14:17 Double-Bit Axe
16:50 Castle Age
16:58 Double-Bit Axe
16:57 Horse Collar
18:51 Fletching
22:47 Medium Warships
29:32 Fishing Lines
31:09 Yeomen
31:11 Bodkin Arrow
39:08 Wheelbarrow
42:54 Imperial Age
40:50 Masonry
Rudolfking
5:29 Loom
11:41 Feudal Age
16:02 Castle Age
15:10 Fletching
21:16 Scale Mail Armor
21:27 Forging
21:04 Double-Bit Axe
22:16 Chain Mail Armor
22:26 Bow Saw
26:41 Bodkin Arrow
29:28 Iron Casting
31:04 Padded Archer Armor
36:47 Imperial Age
34:03 Town Watch
37:49 Wheelbarrow
38:18 Conscription
39:58 Hand Cart
39:44 Elite Hearth Troop
41:05 Plate Mail Armor
Connection lost

Rejoining the realm…

Still unreachable

The connection could not be restored.

Session expired

The server has moved on; the page needs a fresh start.